 Dungeon Crawl Stone Soup version 0.31-a0-986-g5e6e4ef867 (webtiles) character file.

Game seed: 16598258834195587775

23612 CalledCrash the Basher (level 13, -7/104 HPs)
             Began as a Human Wanderer on Nov 4, 2023.
             Was the Champion of Wu Jian.
             Mangled by Donald
             ... wielding a +1 heavy long sword
              (31 damage)
             ... on level 1 of the Shoals.
             The game lasted 01:00:35 (14256 turns).

CalledCrash the Basher (Human Wanderer)            Turns: 14256, Time: 01:00:37

Health: -7/104     AC: 30    Str: 15    XL:     13   Next: 36%
Magic:  14/14      EV: 11    Int: 12    God:    Wu Jian [******]
Gold:   892        SH:  0    Dex: 16    Spells: 14/14 levels left

rFire   . . .        f - +6 dire flail (protect)
rCold   + . .        (shield currently unavailable)
rNeg    . . .        C - +5 chain mail {rC+}
rPois   .            g - +0 helmet
rElec   .            t - +0 cloak
rCorr   .            (no gloves)
SInv    +            A - +0 pair of boots
Will    .....        j - amulet of faith Stlth
                     p - +4 ring of slaying
HPRegen 0.37/turn    L - ring of see invisible
MPRegen 0.14/turn

%: clarity, faith
@: about to teleport, engulfed (cannot breathe), spiked, under a protective aura
A: iridescent scales 1, clarity
a: Renounce Religion, Wall Jump, Serpent's Lash, Heavenly Storm


You were on level 1 of the Shoals.
You worshipped Wu Jian.
Wu Jian was exalted by your worship.
You visited 3 branches of the dungeon, and saw 13 of its levels.

You collected 892 gold pieces.

Inventory:

Hand Weapons
 f - a +6 dire flail of protection (weapon)
 B - a +1 short sword of distortion
Missiles
 d - 10 poisoned darts
 e - a throwing net
 m - 11 atropa-tipped darts
 M - 7 curare-tipped darts
Armour
 g - a +0 helmet (worn)
 t - a +0 cloak (worn)
 A - a +0 pair of boots (worn)
 C - a +5 chain mail of cold resistance (worn)
 Q - +0 acid dragon scales
Jewellery
 j - an amulet of faith (around neck)
 l - an amulet of the acrobat
 p - a +4 ring of slaying (left hand)
 r - a ring of positive energy
 J - a ring of fire
 L - a ring of see invisible (right hand)
 R - a ring of wizardry
 S - a ring of ice
Talismans
 i - a beast talisman
 v - a serpent talisman
Wands
 s - a wand of iceblast (7)
 y - a wand of polymorph (1)
 E - a wand of mindburst (11)
 H - a wand of light (9)
 O - a wand of flame (7)
Scrolls
 a - a scroll of vulnerability
 c - a scroll of fear
 h - 5 scrolls of teleportation
 n - 5 scrolls of poison
 x - 2 scrolls of silence
 F - 3 scrolls of blinking
 G - a scroll of noise
 N - a scroll of torment
Potions
 b - a potion of brilliance {unknown}
 k - a potion of lignification {unknown}
 o - 3 potions of mutation
 q - a potion of cancellation {unknown}
 u - 2 potions of haste {unknown}
 w - a potion of resistance {unknown}
 z - a potion of heal wounds
 D - a potion of attraction {unknown}
 I - a potion of ambrosia {unknown}
 K - 2 potions of might {unknown}
 P - 2 potions of enlightenment {unknown}


   Skills:
 * Level 10.4 Fighting
 + Level 14.0 Maces & Flails
 * Level 10.2 Armour
 * Level 8.1 Dodging
 + Level 3.2 Stealth
 + Level 3.0 Shields
 + Level 1.0 Spellcasting
 + Level 1.0 Necromancy
 + Level 0.9 Evocations


You had 14 spell levels left.
You didn't know any spells.
Your spell library contained the following spells:

 Spells                   Type           Power      Damage    Failure   Level
 Freeze                   Ice            0%         1d3       95%         1
 Summon Small Mammal      Summ           0%         N/A       95%         1
 Sublimation of Blood     Necr           3%         N/A       95%         2
 Blink                    Tloc           0%         N/A       98%         2
 Cigotuvi's Dreadful Rot  Necr/Pois/Air  2%         N/A       98%         2
 Lesser Beckoning         Tloc           0%         N/A       98%         2
 Momentum Strike          Conj/Tloc      0%         3d8       98%         2
 Call Canine Familiar     Summ           0%         N/A       100%        3
 Frozen Ramparts          Ice            0%         1d1       100%        3
 Hailstorm                Conj/Ice       0%         3d3       100%        3
 Ignite Poison            Fire/Tmut/Pois 0%         N/A       100%        3
 Summon Guardian Golem    Hex/Summ       0%         N/A       100%        3
 Tukima's Dance           Hex            0%         N/A       100%        3
 Manifold Assault         Tloc           0%         N/A       100%        4
 Passage of Golubria      Tloc           0%         N/A       100%        4
 Sticky Flame             Conj/Fire      0%         2d3       100%        4
 Yara's Violent Unravell  Hex/Tmut       0%         3d3       100%        5
 Dispersal                Tloc           0%         N/A       100%        6
 Disjunction              Tloc           0%         N/A       100%        8
 Ignition                 Fire           0%         3d3       100%        8


Dungeon Overview and Level Annotations

Branches:
Dungeon (10/15)            Temple (0/1) D:6            Lair (2/5) D:10
 Shoals (1/4) Lair:2
  Snake: Lair:2-3    Spider: Lair:2-3       Orc: D:9-12

Altars:
Ashenzari
Dithmenos
Fedhas
Hepliaklqana
Makhleb
Nemelex Xobeh
Ru
Trog
Uskayaw
Wu Jian
Yredelemnul
Zin
The Shining One

Shops:
D:1 ?

Annotations:
D:7 3 runed translucent doors, Scrimshaw's ghost, novice OpSh
Shoals:1 Donald


Innate Abilities, Weirdness & Mutations

You are partially covered in iridescent scales. (AC +2)
You possess an exceptional clarity of mind.


Message History

The merfolk impaler shouts!
The merfolk aquamancer shouts!
Donald gestures wildly while chanting.
Donald seems to speed up.
Donald hits you but does no damage. Donald blocks your attack.
A manticore comes into view.
You hit Donald but do no damage.
Your weapon exudes an aura of protection.
Donald hits you but does no damage.
You barely miss Donald.
A water elemental comes into view.
The merfolk impaler closely misses you. Donald blocks your attack.
Donald hits you with a +1 heavy long sword!!
The merfolk impaler hits you from afar with a +1 trident of freezing.
You hit Donald.
Donald is lightly wounded.
The merfolk aquamancer casts a spell.
The merfolk aquamancer blinks!
The water elemental hits you.
The water elemental engulfs you in water!
The merfolk impaler barely misses you.
Donald hits you with a +1 heavy long sword!
You cannot read scrolls while unable to breathe!
You slip free of the water engulfing you.
You gasp with relief as air once again reaches your lungs.
The manticore flicks its tail.
The volley of spikes hits you!
The barbed spikes become lodged in your body.
The merfolk impaler hits you but does no damage.
Donald attacks as he pursues you! Donald barely misses you.
The merfolk impaler hits you from afar with a +1 trident of freezing.
Okay, then.
As you read the scroll of teleportation, it crumbles to dust.
You feel strangely unstable. The water elemental hits you.
The water elemental engulfs you in water!
The merfolk impaler hits you from afar with a +1 trident of freezing!
* * * LOW HITPOINT WARNING * * *
Donald hits you with a +1 heavy long sword!!
You die...
Donald says, "I won.
I... don't hate that."

≈≈~~ ~~~≈≈≈≈≈~~~~~~~≈
≈≈~~ ~~~~≈≈≈≈~~~~~~~~~≈
≈≈≈~~ ..~~~~≈≈~~~~~~~~~~
≈≈≈~~ ..~~H~m~~~~~~.~~~~
~≈≈≈~ ...~~~~~~~~~~....~
~~~≈~ ......~~.m~~.....
~~~~~ #.E.§.@..~...#
~~~~~~ #...EE@.~.(#
#.~~~~~~~ #...###...##
...~~~~~~ ##. ##..#
#..~~~~~~ # #####..#
#...~.~~~
##...#..#####.......~
##.....^...##........~
##..~..................
###................###...
#...~~.........))..##....


You could see Donald (fast, strong, reflecting), a merfolk impaler, a merfolk
aquamancer, a manticore and 3 water elementals.

Vanquished Creatures
  A catoblepas (Lair:1)
  A two-headed ogre (D:10)
  3 death yaks (Lair:2)
  Amaemon (D:8)
  A deep troll (D:8)
  4 harpies (Shoals:1)
  2 manticores
  3 fauns (Shoals:1)
  A deep elf pyromancer (D:10)
  A merfolk siren (Lair:2)
  4 cane toads
  An orange demon (D:8)
  6 komodo dragons
  A polar bear (Lair:1)
  A wind drake (Shoals:1)
  Grinder (D:3)
  2 hornets
  2 snapping turtles (Shoals:1)
  A slime creature (D:7)
  Sigmund (D:4)
  3 shadows
  2 wyverns
  2 steam dragons
  29 yaks
  Edmund (D:4)
  2 acid dragons
  4 water moccasins
  3 orc warriors
  4 sky beasts
  An ice beast (D:7)
  2 black bears
  An ogre (D:5)
  9 wolves
  2 centaurs
  3 kobold brigands
  Blork the orc (D:4)
  7 bullfrogs
  4 scorpions
  7 killer bees
  An electric eel (Lair:2)
  7 howler monkeys
  4 quasits
  An orc priest (D:3)
  A jelly (D:5)
  A gnoll bouda (D:6)
  3 iron imps (D:8)
  8 iguanas
  5 orc wizards
  2 sleepcaps (D:6)
  5 hell rats (Lair:2)
  Terence (D:3)
  10 adders
  3 gnolls (D:6)
  2 shadow imps (D:5)
  7 white imps
  6 ufetubi
  2 worms
  2 dart slugs
  21 orcs
  9 ball pythons
  11 endoplasms
  3 giant cockroaches
  2 goblins
  4 hobgoblins
  8 jackals
  8 quokkas
  7 bats
  6 frilled lizards
  21 kobolds
  6 rats
302 creatures vanquished.

Vanquished Creatures (others)
  A komodo dragon (Lair:1)
1 creature vanquished.

Grand Total: 303 creatures vanquished

Notes
Turn   | Place    | Note
-------+----------+-------------------------------------------
     0 | D:1      | CalledCrash the Human Wanderer began the quest for the Orb.
     0 | D:1      | CalledCrash set off with the following items: a +2 mace, a
                  | +0 buckler, a scroll of fear, a +0 robe; and the following
                  | spells available to memorise: Sublimation of Blood,
                  | Cigotuvi's Dreadful Rot.
     0 | D:1      | Reached XP level 1. HP: 13/13 MP: 2/2
   538 | D:1      | Reached XP level 2. HP: 19/19 MP: 3/3
   570 | D:1      | Found Inatz's Magic Scroll Shoppe.
   643 | D:1      | Found a faded altar of an unknown god.
   653 | D:1      | Prayed at the altar of an unknown god.
   653 | D:1      | Became a worshipper of the Wu Jian Council
   653 | D:1      | Reached * piety under Wu Jian
  1112 | D:2      | Reached XP level 3. HP: 18/24 MP: 4/4
  2013 | D:3      | Reached XP level 4. HP: 31/31 MP: 5/5
  2052 | D:3      | Reached skill level 5 in Maces & Flails
  2066 | D:3      | Reached ** piety under Wu Jian
  2134 | D:3      | Reached skill level 1 in Fighting
  2134 | D:3      | Reached skill level 1 in Stealth
  2138 | D:3      | Reached XP level 5. HP: 24/37 MP: 6/6
  2244 | D:3      | Noticed a black bear
  2252 | D:3      | Killed a black bear
  2253 | D:3      | Reached XP level 6. HP: 25/43 MP: 7/7
  2639 | D:3      | Found a blossoming altar of Fedhas.
  2674 | D:3      | Noticed Terence
  2681 | D:3      | Killed Terence
  2682 | D:3      | Reached skill level 6 in Maces & Flails
  2791 | D:3      | Noticed Grinder
  2799 | D:3      | Paralysed by Grinder for 5 turns
  2808 | D:3      | Killed Grinder
  2809 | D:3      | Reached XP level 7. HP: 26/50 MP: 8/8
  3017 | D:3      | Found a faded altar of an unknown god.
  3022 | D:3      | Found a broken altar of Ashenzari.
  3087 | D:3      | Found a hazy altar of Hepliaklqana.
  3160 | D:4      | Found a shadowy altar of Dithmenos.
  3241 | D:4      | Noticed Sigmund
  3243 | D:4      | Reached *** piety under Wu Jian
  3261 | D:4      | Killed Sigmund
  3276 | D:4      | Noticed Edmund
  3320 | D:4      | Killed Edmund
  3321 | D:4      | Reached skill level 7 in Maces & Flails
  3321 | D:4      | Reached XP level 8. HP: 27/58 MP: 9/9
  3598 | D:4      | Found a sparkling altar of Nemelex Xobeh.
  3955 | D:4      | Noticed Blork the orc
  3960 | D:4      | Killed Blork the orc
  4256 | D:5      | Entered Level 5 of the Dungeon
  4401 | D:4      | Reached **** piety under Wu Jian
  4689 | D:5      | Reached skill level 8 in Maces & Flails
  4874 | D:5      | Reached XP level 9. HP: 58/65 MP: 10/10
  5124 | D:5      | Found a sacrificial altar of Ru.
  5215 | D:5      | Found an ornate altar of the Wu Jian Council.
  5618 | D:6      | Reached ***** piety under Wu Jian
  5797 | D:6      | Found a staircase to the Ecumenical Temple.
  6314 | D:7      | Noticed Scrimshaw's ghost (novice OpSh)
  6315 | D:7      | Found a runed translucent gate.
  6315 | D:7      | Found a runed translucent gate.
  6315 | D:7      | Noticed a two-headed ogre
  6319 | D:7      | Noticed a hornet
  6329 | D:7      | Killed a hornet
  6330 | D:7      | Reached skill level 9 in Maces & Flails
  6333 | D:7      | Found a runed translucent gate.
  6454 | D:7      | Found a glowing golden altar of the Shining One.
  6563 | D:7      | Reached skill level 5 in Fighting
  6761 | D:7      | Reached skill level 5 in Dodging
  6825 | D:7      | Noticed a manticore
  6834 | D:7      | Killed a manticore
  6835 | D:7      | Reached skill level 10 in Maces & Flails
  6835 | D:7      | Reached XP level 10. HP: 43/74 MP: 11/11
  6969 | D:7      | Reached skill level 5 in Armour
  7151 | D:7      | Found a glowing silver altar of Zin.
  7328 | D:7      | Found a basalt altar of Yredelemnul.
  7339 | D:7      | Found a bloodstained altar of Trog.
  7882 | D:8      | Found a burning altar of Makhleb.
  7928 | D:8      | Reached skill level 11 in Maces & Flails
  8020 | D:8      | Found a hide-covered altar of Uskayaw.
  8026 | D:8      | Noticed a two-headed ogre
  8028 | D:8      | a two-headed ogre changed into a deep troll
  8028 | D:8      | Noticed a deep troll
  8040 | D:8      | Killed a deep troll
  8123 | D:8      | Noticed an orange demon
  8123 | D:8      | Noticed Amaemon
  8159 | D:8      | Killed an orange demon
  8206 | D:8      | Killed Amaemon
  8207 | D:8      | Reached XP level 11. HP: 27/81 MP: 12/12
  8217 | D:8      | HP: 4/81 [poisoned by Amaemon]
  8567 | D:8      | Gained mutation: You possess an exceptional clarity of
                  | mind. [potion of mutation]
  8567 | D:8      | Gained mutation: You are partially covered in iridescent
                  | scales. (AC +2) [potion of mutation]
  9011 | D:9      | Reached skill level 12 in Maces & Flails
  9752 | D:10     | Entered Level 10 of the Dungeon
  9825 | D:10     | Noticed a deep elf pyromancer
  9835 | D:10     | Killed a deep elf pyromancer
 10033 | D:10     | Noticed a two-headed ogre
 10045 | D:10     | Killed a two-headed ogre
 10249 | D:10     | Found a staircase to the Lair.
 10257 | D:10     | Reached skill level 13 in Maces & Flails
 10816 | Lair:1   | Entered Level 1 of the Lair of Beasts
 10836 | Lair:1   | Reached XP level 12. HP: 80/91 MP: 13/13
 11139 | Lair:1   | Noticed a catoblepas
 11196 | Lair:1   | Killed a catoblepas
 12545 | Lair:2   | Noticed a death yak
 12546 | Lair:2   | Noticed a death yak
 12547 | Lair:2   | Noticed a death yak
 12558 | Lair:2   | Reached skill level 14 in Maces & Flails
 12571 | Lair:2   | Killed a death yak
 12600 | Lair:2   | Killed a death yak
 12618 | Lair:2   | Killed a death yak
 12627 | Lair:2   | Reached ****** piety under Wu Jian
 12628 | Lair:2   | Reached XP level 13. HP: 37/101 MP: 14/14
 12960 | Lair:2   | Found a staircase to the Shoals.
 13018 | Lair:2   | Identified the +5 war axe "Poitzyizoni" {speed, rC+ Str+5}
 13681 | Snake:4  | Identified the "Enget"
 13681 | Shoals:1 | Entered Level 1 of the Shoals
 13849 | Shoals:1 | Reached skill level 10 in Fighting
 13849 | Shoals:1 | Reached skill level 10 in Armour
 14245 | Shoals:1 | Noticed Donald
 14248 | Shoals:1 | Noticed a merfolk impaler
 14256 | Shoals:1 | Mangled by Donald

Illustrated notes

Levels and vault maps discovered:
D:1:      psy_arrival_radial02, layout_basic, ebering_ecumenical_altar_webs,
          serial_shops, shop, nicolae_twisty_statue_hallways
D:2:      layout_basic
D:3:      minmay_chambers_of_threes, layout_basic,
          nicolae_overflow_ecumenical_swirl, worldfamousw_hep_ancestral_shrine,
          mainiacjoe_overflow_brackets, uniq_grinder, uniq_terence
D:4:      layout_loops_ring, mainiacjoe_overflow_surrounded_room,
          grunt_dithmenos_smoke, wad_rectangle_vault, uniq_blork_the_orc,
          uniq_edmund, uniq_sigmund
D:5:      layout_loops_ring, lemuel_coloured_pillars_altar,
          overflow_temple_1_default, serial_demonic, serial_demonic_a,
          serial_demonic_b, serial_demonic_b, serial_demonic_a
D:6:      layout_layer_cave, minmay_temple_entry_statues_pillars
D:7:      layout_gridville, tso_metal_star, lemuel_tele_altar,
          amethyst_overflow_temple_binary, gammafunk_ghost_split, wad_mini_maze
D:8:      layout_rooms, overflow_temple_1_default, demons_altar, uniq_amaemon
D:9:      layout_small_grid, nrook_mini_backslash, serial_bayou_pond_a
D:10:     layout_irregular_city, grunt_lair_entry_orc_guard_hut
Lair:1:   layout_chaotic_city
Lair:2:   statuecave_lemuel, layout_loops_ring, elwin_shoals_entry_rooms,
          chequers_serial_rivers_large_b, grunt_forest_large_clearings,
          infiniplex_staircase_pool
Shoals:1: layout_shoals, uniq_donald

Skill      XL: |  1  2  3  4  5  6  7  8  9 10 11 12 13 |
---------------+----------------------------------------+-----
Maces & Flails | 5 6 7 8 10 11 13 14 | 14.0
Fighting       | 1 2 3 4 5 6 7 9 10 | 10.4
Stealth        | 1 2 3 |  3.2
Dodging        | 2 3 4 5 6 7 8 |  8.1
Shields        | 3 |  3.0
Armour         | 2 4 6 7 9 10 | 10.2
Spellcasting   | |  1.0
Necromancy     | |  1.0
Evocations     | |  0.9

Action                     |  1- 3 |  4- 6 |  7- 9 | 10-12 | 13-15 || total
---------------------------+-------+-------+-------+-------+-------++-------
  Melee: Mace              |    88 |    97 |    65 |       |       ||   250
         Dire flail        |       |       |   195 |   546 |   110 ||   851
 Invoke: Serpent's Lash    |       |       |       |     1 |       ||     1
Ability: Whirlwind         |     5 |    10 |     6 |    37 |     4 ||    62
         Lunge             |     5 |     6 |    27 |    31 |     7 ||    76
  Evoke: Wand              |       |       |     1 |     3 |     1 ||     5
    Use: Potion            |       |     2 |     3 |     3 |     1 ||     9
         Scroll            |       |       |     9 |     8 |     1 ||    18
   Stab: Sleeping          |     4 |     1 |       |       |       ||     5
         Distracted        |       |       |     1 |       |       ||     1
         Petrifying        |       |       |       |     2 |       ||     2
         Petrified         |       |       |       |     1 |       ||     1
 Armour: Robe              |    40 |    69 |    22 |       |       ||   131
         Chain mail        |       |       |   181 |   396 |   101 ||   678
  Dodge: Dodged            |    57 |    47 |   135 |   175 |    37 ||   451
  Block: Buckler           |    17 |    19 |    16 |       |       ||    52

Table legend: (Time is in decaauts)
 A = Elapsed time spent in this place.
 B = Non-inter-level travel time spent in this place.
 C = Inter-level travel time spent in this place.
 D = Time resting spent in this place.
 E = Time spent auto-exploring this place.
 F = Levels seen in this place.
 G = Mean time per level.
                   A        B        C        D        E       F      G
               +--------+--------+--------+--------+--------+-----+--------+
         Total |  14201 |  13871 |    330 |   2251 |   8329 |  13 | 1092.4 |
       Dungeon |  10794 |  10464 |    330 |   1233 |   6492 |  10 | 1079.4 |
          Lair |   2852 |   2852 |      0 |    741 |   1643 |   2 | 1426.0 |
        Shoals |    554 |    554 |      0 |    277 |    194 |   1 |  554.0 |
               +--------+--------+--------+--------+--------+-----+--------+

Top non-repeatable levels by time:
     D:4: 1480 daAuts
  Lair:2: 1461 daAuts
  Lair:1: 1391 daAuts
     D:7: 1371 daAuts
     D:8: 1171 daAuts
     D:3: 1143 daAuts
     D:1: 1113 daAuts
    D:10: 1040 daAuts
     D:9: 925 daAuts
     D:2: 911 daAuts
     D:6: 831 daAuts
     D:5: 805 daAuts
Shoals:1: 554 daAuts
